 Dungeon Crawl Stone Soup version 0.22-a0-609-gfedc9ff (webtiles) character file.

14086 Amnesiac the Slicer (level 12, 0/151 HPs)
             Began as a Hill Orc Summoner on July 10, 2018.
             Was an Initiate of Gozag.
             Slain by an orc wizard
             ... wielding a +2 dagger of flaming
             ... led by an orc high priest
              (2 damage)
             ... on level 1 of the Orcish Mines.
             The game lasted 00:45:32 (19471 turns).

Amnesiac the Slicer (Hill Orc Summoner)            Turns: 19471, Time: 00:45:33

Health: 0/151      AC:  8    Str: 17    XL:     12   Next: 12%
Magic:  4/19       EV: 17    Int: 15    God:    Gozag
Gold:   2805       SH:  5    Dex: 15    Spells: 8/21 levels left

rFire    . . .     SeeInvis .   a - +2 dagger (venom)
rCold    . . .     Gourm    .   (no shield)
rNeg     . . .     Faith    .   j - +0 robe
rPois    .         Spirit   .   (no helmet)
rElec    .         Reflect  +   (no cloak)
rCorr    .         Harm     .   T - +0 pair of gloves
MR       .....                  t - +0 pair of boots
Stlth    ..........             R - +5 amulet of reflection
HPRegen  0.35/turn              G - +4 ring of protection
MPRegen  0.16/turn              U - ring of wizardry

@: berserking (expiring), lethally poisoned (0 -> -1), gold aura, very slightly
contaminated, very quick
A: no striking features
a: Potion Petition, Call Merchant, Bribe Branch, Renounce Religion, Convert to
Beogh


You were on level 1 of the Orcish Mines.
You worshipped Gozag.
Gozag was most pleased with you.
You were not hungry.

You visited 3 branches of the dungeon, and saw 14 of its levels.
You also visited: Ossuary.

You collected 3077 gold pieces.
You spent 234 gold pieces at shops.
You paid 38 gold pieces to Gozag.

Inventory:

Hand Weapons
 a - a +2 dagger of venom (weapon)
 I - a +0 blowgun
 Z - a +2 dagger of speed
Missiles
 u - 3 throwing nets (quivered)
Armour
 j - a +0 robe (worn)
 t - a +0 pair of boots (worn)
 T - a +0 pair of gloves (worn)
Magical Staves
 b - an uncursed staff of summoning
Jewellery
 d - an uncursed amulet of guardian spirit
 e - an uncursed ring of magical power
 v - an uncursed ring of magical power
 A - an uncursed ring of protection from fire
 G - a +4 ring of protection (left hand)
 O - a +2 ring of dexterity
 R - a +5 amulet of reflection (around neck)
 U - a ring of wizardry (right hand)
Wands
 y - a wand of digging (8)
 D - a wand of polymorph (15)
 F - a wand of disintegration (6)
 H - a wand of random effects (35)
 J - a wand of flame (19)
 M - a wand of scattershot (2)
 V - a wand of enslavement (11)
Scrolls
 g - 8 scrolls of teleportation {!r}
 k - a scroll of fog {!r}
 q - a scroll of immolation {!r, unknown}
 r - a scroll of magic mapping {!r}
 z - 3 scrolls of enchant armour {!r}
 B - a scroll of torment {!r, unknown}
 C - 2 scrolls of brand weapon {!r}
 E - a scroll of fear {!r}
 L - 3 scrolls of remove curse {!r}
 N - 2 scrolls of vulnerability {!r, unknown}
 P - 8 scrolls of identify {!r}
 Q - a scroll of blinking {!r, unknown}
 S - a scroll of random uselessness {!r, unknown}
 Y - a scroll of acquirement {!r, unknown}
Potions
 f - a potion of magic {!q, unknown}
 h - 2 potions of lignification {!q}
 i - 2 potions of curing {!q, unknown}
 l - 2 potions of agility {!q}
 m - 3 potions of might {!q}
 n - 4 potions of flight {!q}
 o - a potion of resistance {!q}
 p - 3 potions of mutation {!q}
 s - 4 potions of brilliance {!q}
 w - 5 potions of heal wounds {!q}
 x - a potion of haste {!q}
 W - a potion of cancellation {!q, unknown}
 X - 13 potions of degeneration {!q}
Comestibles
 c - 2 rations


   Skills:
 - Level 8.0 Fighting
 - Level 10.0 Short Blades
 - Level 8.0 Dodging
 - Level 6.0 Stealth
 + Level 5.0 Spellcasting
 - Level 8.1 Summonings
 - Level 2.1 Ice Magic
 - Level 2.0 Air Magic


You had 8 spell levels left.
You knew the following spells:

 Your Spells              Type           Power        Failure   Level  Hunger
a - Summon Ice Beast      Ice/Summ       ###.....     8%          4    ####...
b - Call Canine Familiar  Summ           ####....     1%          3    ###....
c - Call Imp              Summ           ####....     1%          2    ##.....
d - Summon Lightning Spi  Summ/Air       ###.....     9%          4    ####...

Your spell library contained the following spells:

 Spells                   Type           Power        Failure   Level  Hunger
 Summon Small Mammal      Summ           ####         1%          1    None
 Summon Guardian Golem    Hex/Summ       ###.....     3%          3    ###....


Dungeon Overview and Level Annotations

Branches:
Dungeon (12/15)            Temple (0/1) D:6            Lair (1/6) D:10
    Orc (1/2) D:11

Altars:
Ashenzari
Fedhas
Gozag
Nemelex Xobeh
Ru
Wu Jian
Xom
Zin
The Shining One

Shops:
D:3 *   D:7 *   D:8 %

Annotations:
D:8 Psyche


Message History

The orc warrior is lightly wounded.
The warg is distracted by the nearby gold.
You barely miss the warg.
The warg is no longer distracted by gold.
The warg howls!
The orc high priest is distracted by the nearby gold.
The orc warrior is distracted by the nearby gold.
The warg bites you but does no damage.
The orc warrior shouts!
The orc high priest shouts!
You hit the orc warrior but do no damage.
The orc warrior is no longer distracted by gold.
The orc warrior is lightly wounded.
You closely miss the warg.
The orc warrior is distracted by the nearby gold.
You closely miss the warg.
The orc warrior shouts!
The warg barely misses you. The orc warrior misses you.
The orc wizard casts a cantrip, but nothing happens.
You hit the orc warrior.
The orc warrior is poisoned.
The orc warrior is moderately wounded.
You hit the orc warrior.
The orc warrior is heavily wounded.
The warg closely misses you.
You hit the orc warrior.
The orc warrior looks as sick as possible!
The orc warrior is heavily wounded.
The orc warrior is no longer distracted by gold.
The orc warrior is distracted by the nearby gold.
You catch the helpless orc warrior completely off-guard!
You perforate the orc warrior like a sieve!!!
You kill the orc warrior!
You feel sick. The warg bites you.
* * * LOW HITPOINT WARNING * * *
You puncture the orc warrior!
The orc warrior looks as sick as possible!
The orc warrior is heavily wounded.
You puncture the orc warrior!
The orc warrior looks as sick as possible!
The orc warrior is severely wounded.
The warg bites you.
* * * LOW HITPOINT WARNING * * *
You barely miss the orc warrior.
The orc warrior is severely wounded.
You closely miss the orc warrior.
The orc warrior is severely wounded.
The warg misses you.
You puncture the orc wizard!
The orc wizard is severely wounded.
The orc high priest is no longer distracted by gold.
The orc warrior hits you with a flail!!
* * * LOW HITPOINT WARNING * * *
You puncture the orc warrior!
You kill the orc warrior!
Your Spellcasting skill increases to level 5!
The warg bites you.
* * * LOW HITPOINT WARNING * * *
You closely miss the orc wizard.
The orc wizard is severely wounded.
The orc wizard hits you with a dagger of flaming.
* * * LOW HITPOINT WARNING * * *
The orc wizard burns you.
You die...
Your body crumbles into a pile of gold. ........##.## .....#...##<## #....#.......# ...####......# .....##......# ##..###.....###### # .##).#.....####..## .# ####......####....## ooo

#.......###.#..@$.# ....
##........##...oho## ..$..
.....#...Y#....#..$#...oo.
..))##........##$.....$...
....##.#......###......###
$ ....####...)### ###.$..#
.....#..)....## ......#
#....>..).....# ###$.##
........)..#..... ....


You could see an orc high priest, a warg and an orc wizard.

Vanquished Creatures
  2 hydras
  A two-headed ogre (D:9)
  Pikel (D:5)
  An ugly thing (D:11)
  A gargoyle (D:11)
  2 spiny frogs (Lair:1)
  2 komodo dragons (Lair:1)
  Grinder (D:5)
  A hippogriff (D:8)
  3 yaks
  A spriggan (D:7)
  A hungry ghost (D:7)
  A wraith (D:10)
  A warg (Orc:1)
  Menkaure (D:5)
  Edmund (D:6)
  2 water moccasins (Lair:1)
  4 black bears
  2 sky beasts
  2 slaves (D:5)
  6 orc warriors
  3 ice beasts
  3 necrophages
  2 ogres
  3 wolves (D:7)
  6 centaurs
  3 phantoms
  A crocodile (D:11)
  A big kobold (D:12)
  7 bullfrogs
  A scorpion (D:6)
  A water moccasin skeleton (D:7)
  16 killer bees
  5 wights
  4 electric eels (D:6)
  2 crimson imps
  2 bullfrog zombies
  A centaur zombie (Ossuary)
  A quasit (D:8)
  4 hounds
  2 centaur skeletons
  2 jellies
  4 orc priests
  A bullfrog skeleton (D:10)
  9 orc wizards
  2 iguanas
  4 worker ants
  A killer bee zombie (D:7)
  A hound skeleton (D:7)
  2 hound zombies
  A howler monkey zombie (Ossuary)
  7 mummies
  6 worker ant zombies
  10 adders
  5 gnolls
  A shadow imp (D:10)
  2 oozes
  3 adder zombies (Ossuary)
  4 worms
  A dart slug (D:1)
  2 leopard geckos (D:2)
  41 orcs
  4 giant cockroaches
  5 goblins
  7 hobgoblins
  9 jackals
  3 quokkas
  4 bats
  2 frilled lizards
  A giant cockroach zombie (Ossuary)
  2 hobgoblin zombies (D:5)
  A jackal skeleton (D:8)
  A jackal zombie (Ossuary)
  8 kobolds
  A quokka zombie (Ossuary)
  2 rats
264 creatures vanquished.

Vanquished Creatures (collateral kills)
  3 two-headed ogres
  2 hippogriffs (Lair:1)
  4 yaks
  Grum (D:7)
  2 water moccasins
  Purgy (D:3)
  A swamp drake (D:11)
  A sky beast (D:8)
  2 phantoms
  An ice beast (D:5)
  6 ogres
  2 centaurs
  A crocodile (Lair:1)
  2 killer bees
  2 wights (D:9)
  A crimson imp (D:8)
  5 mummies (Ossuary)
  2 bullfrog zombies (Ossuary)
  A hound (D:4)
  3 jellies
  3 orc wizards
  An orc priest (D:11)
  A hound zombie (Ossuary)
  A howler monkey zombie (Ossuary)
  2 gnolls (D:4)
  4 adders
  A shadow imp (D:9)
  A leopard gecko (D:3)
  10 orcs
  2 goblins (D:1)
  A kobold (D:1)
  A rat (D:1)
71 creatures vanquished.

Vanquished Creatures (others)
  A jelly (D:5)
  Ijyb (D:5)
  A leopard gecko (D:6)
  3 withered plants (Ossuary)
6 creatures vanquished.

Grand Total: 341 creatures vanquished

Notes
Turn   | Place    | Note
-------+----------+-------------------------------------------
     0 | D:1      | Amnesiac the Hill Orc Summoner began the quest for the Orb.
     0 | D:1      | Reached XP level 1. HP: 14/14 MP: 3/3
   442 | D:1      | Reached XP level 2. HP: 16/20 MP: 5/5
   451 | D:1      | Learned a level 2 spell: Call Imp
   522 | D:4      | Noticed an ogre
   627 | D:3      | Found an ornate altar of the Wu Jian Council.
   722 | D:2      | Found a sparkling altar of Nemelex Xobeh.
   758 | D:2      | Found a glowing golden altar of the Shining One.
   833 | D:2      | Reached XP level 3. HP: 25/26 MP: 4/6
  2246 | D:3      | Noticed Purgy
  2252 | D:3      | Learned a level 3 spell: Call Canine Familiar
  2272 | D:3      | Killed Purgy
  2272 | D:3      | Reached XP level 4. HP: 10/33 MP: 1/7
  2538 | D:3      | Found an opulent altar of Gozag.
  2540 | D:3      | Found Gozag's Platinum Reserve.
  2575 | D:3      | Became a worshipper of Gozag Ym Sagoz the Greedy
  2666 | D:3      | Reached XP level 5. HP: 22/38 MP: 5/8
  2678 | D:3      | Found a faded altar of an unknown god.
  3099 | D:3      | HP: 1/38 [poisoned by an adder]
  3687 | D:4      | Reached XP level 6. HP: 3/45 MP: 1/9
  3692 | D:4      | HP: 2/45 [poisoned by an adder]
  4002 | D:4      | HP: 2/45 [something/puff of flame (8)]
  4009 | D:4      | Reached skill level 5 in Stealth
  4228 | D:4      | Found a shattered altar of Ashenzari.
  4856 | D:4      | Reached XP level 7. HP: 19/50 MP: 3/10
  4960 | D:4      | Reached skill level 1 in Short Blades
  5159 | D:4      | Reached skill level 2 in Short Blades
  5485 | D:5      | Entered Level 5 of the Dungeon
  5602 | D:5      | Reached skill level 3 in Short Blades
  5651 | D:5      | Noticed Menkaure
  5677 | D:5      | Killed Menkaure
  5677 | D:5      | Reached skill level 4 in Short Blades
  5837 | D:5      | Noticed Grinder
  5842 | D:5      | Killed Grinder
  5842 | D:5      | Reached skill level 5 in Short Blades
  5842 | D:5      | Reached XP level 8. HP: 45/57 MP: 11/11
  5851 | D:5      | Found a sacrificial altar of Ru.
  5873 | D:5      | Noticed Pikel
  5891 | D:5      | Found a sand-covered staircase.
  5893 | D:5      | Reached skill level 6 in Short Blades
  5896 | Ossuary  | Entered an ossuary
  6506 | Ossuary  | Reached skill level 7 in Short Blades
  6847 | D:5      | Killed Pikel
  6847 | D:5      | Reached skill level 8 in Short Blades
  6847 | D:5      | Reached XP level 9. HP: 52/62 MP: 1/12
  6862 | D:5      | Reached skill level 9 in Short Blades
  6907 | D:5      | Noticed Ijyb
  6936 | D:5      | Killed Ijyb
  7762 | D:6      | Noticed Edmund
  7843 | D:6      | Killed Edmund
  7898 | D:6      | Reached skill level 10 in Short Blades
  8592 | D:6      | Found a staircase to the Ecumenical Temple.
  8735 | D:6      | Learned a level 4 spell: Summon Lightning Spire
  9165 | D:7      | Found a glowing silver altar of Zin.
  9387 | D:7      | Reached skill level 5 in Dodging
  9389 | D:7      | Reached XP level 10. HP: 26/69 MP: 9/13
  9654 | D:7      | HP: 3/69 [poisoned by a killer bee]
  9662 | D:7      | HP: 3/69 [poisoned by a killer bee]
 10140 | D:7      | Reached skill level 1 in Air Magic
 10190 | D:7      | HP: 3/69 [poisoned by a killer bee]
 10613 | D:7      | Found a glowing silver altar of Zin.
 10613 | D:7      | Found a blossoming altar of Fedhas.
 11146 | D:7      | Found Xozom's Assorted Antiques.
 11169 | D:7      | Bought a runed glass wand for 104 gold pieces
 11169 | D:7      | Bought a scratched granite ring for 130 gold pieces
 11408 | D:8      | Noticed Grum
 11459 | D:8      | Found Jefui's Food Shoppe.
 11805 | D:7      | Killed Grum
 12062 | D:8      | Noticed Psyche
 12472 | D:7      | HP: 3/69 [poisoned by a killer bee]
 12480 | D:7      | HP: 3/69 [poisoned by a killer bee]
 12880 | D:8      | Reached skill level 1 in Fighting
 13364 | D:9      | Noticed a two-headed ogre
 13388 | D:9      | Killed a two-headed ogre
 13978 | D:9      | Reached skill level 5 in Fighting
 13998 | D:9      | Noticed a two-headed ogre
 14019 | D:9      | Killed a two-headed ogre
 14019 | D:9      | Reached XP level 11. HP: 48/90 MP: 8/14
 14524 | D:10     | Entered Level 10 of the Dungeon
 14548 | D:10     | Found a shattered altar of Ashenzari.
 14918 | D:10     | Found a shimmering altar of Xom.
 14918 | D:10     | Found a shimmering altar of Xom.
 14918 | D:10     | Found a shimmering altar of Xom.
 14920 | D:10     | Found a shimmering altar of Xom.
 15015 | D:10     | Noticed a six-headed hydra
 15116 | D:10     | Killed a six-headed hydra
 15524 | D:10     | Found a staircase to the Lair.
 15693 | Lair:1   | Entered Level 1 of the Lair of Beasts
 15802 | Lair:1   | Reached skill level 5 in Summonings
 16080 | Lair:1   | HP: 2/94 [spiny frog (17)]
 17315 | D:11     | Noticed a green ugly thing
 17345 | D:11     | Killed a green ugly thing
 17467 | D:11     | Found a staircase to the Orcish Mines.
 17561 | D:11     | Noticed a two-headed ogre
 17579 | D:11     | Killed a two-headed ogre
 17929 | D:11     | Learned a level 4 spell: Summon Ice Beast
 18574 | D:12     | Noticed an eight-headed hydra
 18731 | D:12     | Killed an eight-headed hydra
 18731 | D:12     | Reached skill level 1 in Ice Magic
 18746 | D:12     | Noticed a two-headed ogre
 19026 | D:12     | Killed a two-headed ogre
 19026 | D:12     | Reached XP level 12. HP: 65/101 MP: 8/18
 19298 | Orc:1    | Entered Level 1 of the Orcish Mines
 19430 | Orc:1    | Noticed an orc high priest
 19470 | Orc:1    | Reached skill level 5 in Spellcasting
 19470 | Orc:1    | HP: 6/151 [warg (2)]
 19471 | Orc:1    | HP: 2/151 [orc wizard/dagger of flaming[an orc high priest] (5)]
 19471 | Orc:1    | Slain by an orc wizard

Vault maps used:
D:1:      sevenhm_arrival_forest_fort_large_2
D:2:      nicolae_overflow_hidden_temple, nemelex_diamond_rough_becter
D:3:      nicolae_gozag_zags_fifth_avenue, lemuel_crystal_altar,
          chequers_ecumenical_altar_grove, first_ration, uniq_purgy
D:4:      nicolae_ashenzari_panopticon
D:5:      nicolae_ossuary_entry_giza, nicolae_ru_the_path_less_chosen,
          uniq_menkaure, uniq_pikel, uniq_ijyb, uniq_grinder
D:6:      lemuel_temple_firewalk_a, serial_curves, eino_curves_01,
          eino_curves_02, eino_curves_01, eino_curves_03, amethyst_killhole,
          chequers_big_river, minivault_11, uniq_edmund
D:7:      gammafunk_temple_overflow_elements, serial_shops, shop, basic_altar,
          the_bakery
D:8:      serial_shops, nicolae_shop_stone, grunt_decor_cap,
          corexii_corridor_pit, uniq_grum, uniq_psyche
D:10:     lair_entry_dummy, basic_altar, xom_redecorated
D:11:     erik_orc_1, hangedman_abyss_or_decor_clamps
Lair:1:   grunt_megastairs_4, infiniplex_staircase_pool
Orc:1:    portal_ice_cave_entry_ice_beasts
Ossuary:  ossuary_zaba_flooded

Skill      XL: |  1  2  3  4  5  6  7  8  9 10 11 12 |
---------------+-------------------------------------+-----
Spellcasting   | 2 4 5 |  5.0
Stealth        | 2 3 4 6 |  6.0
Short Blades   | 5 8 10 | 10.0
Dodging        | 5 8 |  8.0
Air Magic      | 2 |  2.0
Fighting       | 6 8 |  8.0
Summonings     | 8 |  8.1
Ice Magic      | 2 |  2.1

Action                   |  1- 3 |  4- 6 |  7- 9 | 10-12 || total
-------------------------+-------+-------+-------+-------++-------
Melee: Unarmed           |    19 |       |       |       ||    19
       Dagger            |   104 |   200 |   691 |  1315 ||  2310
 Cast: Summon Small Mamm |     5 |       |       |       ||     5
       Call Imp          |     3 |    10 |    21 |    41 ||    75
       Call Canine Famil |     1 |     1 |    10 |    33 ||    45
       Summon Lightning  |       |       |       |    16 ||    16
       Summon Ice Beast  |       |       |       |     8 ||     8
Evoke: Wand              |       |       |    11 |    14 ||    25
  Use: Potion            |       |     2 |     7 |     4 ||    13
       Scroll            |       |       |    16 |     1 ||    17
 Stab: Sleeping          |     2 |     4 |     9 |    22 ||    37
       Distracted        |       |       |     5 |    13 ||    18
  Eat: Chunk             |     3 |     3 |       |       ||     6
       Ration            |       |     4 |     5 |    14 ||    23
Armor: Robe              |    18 |     7 |    29 |    63 ||   117
       Skin              |       |       |       |    35 ||    35
Dodge: Dodged            |    67 |    68 |   169 |   486 ||   790
Block: Other             |       |       |       |    43 ||    43
       Reflection        |       |       |       |     1 ||     1

Table legend:
 A = Spawn XP
 B = Non-spawn XP
 C = Spawn XP percentage of total XP
 D = Spawn monster count
 E = Non-spawn monster count
 F = Spawn count percentage of total count
 G = Total turns spent on level
                    A         B        C        D         E        F      G
               +---------+---------+-------+---------+---------+-------+---------
         Total |       0 |   20123 |   0.0 |       0 |     333 |   0.0 | 19471
               +---------+---------+-------+---------+---------+-------+---------
           D:1 |       0 |      18 |   0.0 |       0 |      13 |   0.0 |  1049
           D:2 |       0 |      42 |   0.0 |       0 |      14 |   0.0 |  1029
           D:3 |       0 |     224 |   0.0 |       0 |      18 |   0.0 |  1542
           D:4 |       0 |     442 |   0.0 |       0 |      20 |   0.0 |  1865
           D:5 |       0 |    1334 |   0.0 |       0 |      18 |   0.0 |   922
           D:6 |       0 |    1423 |   0.0 |       0 |      33 |   0.0 |  1888
           D:7 |       0 |    2922 |   0.0 |       0 |      47 |   0.0 |  3208
           D:8 |       0 |    1157 |   0.0 |       0 |      20 |   0.0 |   928
           D:9 |       0 |    1901 |   0.0 |       0 |      21 |   0.0 |  1160
          D:10 |       0 |    1572 |   0.0 |       0 |      20 |   0.0 |  1229
          D:11 |       0 |    2445 |   0.0 |       0 |      33 |   0.0 |  1587
          D:12 |       0 |    2670 |   0.0 |       0 |      21 |   0.0 |   610
        Lair:1 |       0 |    2607 |   0.0 |       0 |      12 |   0.0 |  1348
         Orc:1 |       0 |     887 |   0.0 |       0 |      14 |   0.0 |   173
       Ossuary |       0 |     479 |   0.0 |       0 |      29 |   0.0 |   933
               +---------+---------+-------+---------+---------+-------+---------
